 Dungeon Crawl Stone Soup version 0.31-a0-344-gd109795599 (webtiles) character file.

Game seed: 4796237310272233020

35426 Jackthecabe the Lord of Darkness (level 13, -1/93 HPs)
             Began as a Mummy Necromancer on July 22, 2023.
             Was the Champion of Kikubaaqudgha.
             Slain by Rupert
             ... wielding a +3 great mace of holy wrath
              (34 damage)
             ... on level 4 of the Lair of Beasts.
             The game lasted 01:14:40 (23058 turns).

Jackthecabe the Lord of Darkness (MuNe)            Turns: 23058, Time: 01:14:41

Health: -1/93      AC: 19    Str: 12    XL:     13   Next: 47%
Magic:  6/25       EV: 11    Int: 19    God:    Kikubaaqudgha [******]
Gold:   1080       SH:  5    Dex: 12    Spells: 1/28 levels left

rFire   . . .        v - +10 falchion "Foaloeb" {elec, rC- Will++ SInv Stlth+}
rCold   . . .        e - +2 buckler {AC+3}
rNeg    + + +        l - +0 troll leather armour
rPois   ∞            p - +2 helmet
rElec   .            w - +1 cloak
rCorr   .            o - +0 pair of gloves
SInv    +            J - +1 pair of boots
Will    +++..        (no amulet)
Stlth   ++           F - ring of protection from fire
HPRegen 1.15/turn    T - +4 ring of protection
MPRegen 0.19/turn

%: faith
@: about to teleport, very slightly contaminated
A: cold resistance 1, negative energy resistance 3, torment resistance 2, heat
vulnerability 1, in touch with death 2, no potions, faith
a: Renounce Religion, Unearth Wretches, Torment


You were on level 4 of the Lair of Beasts.
You worshipped Kikubaaqudgha.
Kikubaaqudgha was exalted by your worship.
You visited 3 branches of the dungeon, and saw 16 of its levels.
You also visited: Sewer and Bailey.

You collected 1080 gold pieces.


Innate Abilities, Weirdness & Mutations

You are immune to poison.
Your flesh is cold resistant. (rC+)
You are immune to negative energy. (rN+++)
You are immune to unholy pain and torment.
You are vulnerable to heat. (rF-)
You are strongly in touch with the powers of death.
You do not drink.
You have a special connection with the divine. (Faith)


   Skills:
 - Level 6.0 Fighting
 - Level 1.0 Axes
 - Level 1.5 Dodging
 - Level 1.5 Stealth
 - Level 8.0 Spellcasting
 + Level 9.8 Summonings
 - Level 14.0 Necromancy
 - Level 7.0 Ice Magic
 - Level 7.0 Earth Magic
 - Level 4.0 Evocations


You had one spell level left.
You knew the following spells:

 Your Spells              Type           Power      Damage    Failure   Level
a - Animate Dead          Necr           95%        N/A       1%          4
b - Summon Ice Beast      Ice/Summ       39%        N/A       5%          4
c - Borgnjor's Vile Clut  Necr/Erth      41%        N/A       6%          5
d - Death Channel         Necr           47%        N/A       9%          6
n - Dispel Undead         Necr           95%        3d30      1%          4
v - Vampiric Draining     Necr           95%        2d12      1%          3
X - Necrotise             Necr           100%       1d9       1%          1

Your spell library contained the following spells:

 Spells                   Type           Power      Damage    Failure   Level
 Agony                    Necr           95%        N/A       1%          5
 Cigotuvi's Dreadful Rot  Necr/Pois/Air  100%       N/A       4%          2
 Ensorcelled Hibernation  Hex/Ice        40%        N/A       6%          2
 Anguish                  Hex/Necr       33%        N/A       10%         4
 Hailstorm                Conj/Ice       20%        3d6       12%         3
 Poisonous Vapours        Pois/Air       14%        N/A       26%         2
 Simulacrum               Ice/Necr       41%        N/A       34%         6
 Dazzling Flash           Conj/Hex       14%        N/A       45%         3
 Ignite Poison            Fire/Tmut/Pois 7%         N/A       45%         3
 Volatile Blastmotes      Fire/Tloc      14%        2d11      45%         3
 Haunt                    Necr/Summ      43%        N/A       75%         7
 Flame Wave               Conj/Fire      7%         2d5       86%         4
 Sticky Flame             Conj/Fire      7%         2d3       86%         4
 Infestation              Necr           47%        N/A       98%         8
 Alistair's Intoxication  Tmut/Pois      4%         N/A       99%         5
 Irradiate                Conj/Tmut      3%         3d12      99%         5
 Starburst                Conj/Fire      3%         6d3       100%        6
 Ignition                 Fire           3%         3d4       100%        8
 Maxwell's Capacitive Co  Air            3%         ∞         100%        8
 Wereblood                Tmut           Unusable   N/A       N/A         2

Inventory:

Hand Weapons
 v - the +10 falchion "Foaloeb" (weapon) {elec, rC- Will++ SInv Stlth+}
   (You took it off an orc on level 6 of the Dungeon)

   rC:        It makes you vulnerable to cold.
   SInv:      It lets you see invisible.
   Will:      It greatly increases your willpower.
   Stlth:     It makes you more stealthy.
Missiles
 j - a throwing net {=f}
 r - 56 poisoned darts
 t - 9 curare-tipped darts {=f}
Armour
 e - a +2 buckler of protection (worn)
 l - a +0 troll leather armour (worn)
 o - a +0 pair of gloves (worn)
 p - a +2 helmet (worn)
 w - a +1 cloak (worn)
 x - a +0 tower shield of cold resistance
 y - the +5 ice dragon scales of Itautoer {+Inv rF- rC++ Str+4 Int+2}
   (You took it off an orc warrior in a bailey)

   Str:       It affects your strength (+4).
   Int:       It affects your intelligence (+2).
   rF:        It makes you vulnerable to fire.
   rC:        It greatly protects you from cold.
   +Inv:      It lets you turn invisible.
 J - a +1 pair of boots (worn)
Magical Staves
 a - a staff of fire {!a}
 b - a staff of death {!a}
Jewellery
 f - a ring of fire
 F - a ring of protection from fire (left hand)
 H - an amulet of guardian spirit
 T - a +4 ring of protection (right hand)
 Y - a +4 ring of slaying
Wands
 k - a wand of flame (27)
 s - a wand of digging (6)
 z - a wand of polymorph (8)
 B - a wand of quicksilver (8)
 D - a wand of roots (3)
 E - a wand of charming (13)
 G - a wand of mindburst (3)
Scrolls
 c - a scroll of immolation {unknown}
 d - a scroll of blinking
 g - 4 scrolls of poison
 h - 2 scrolls of identify {@r1}
 i - a scroll of fear
 m - 3 scrolls of vulnerability
 n - 2 scrolls of revelation
 q - 2 scrolls of brand weapon
 u - 2 scrolls of teleportation {@r2}
 A - 3 scrolls of amnesia
 C - a scroll of enchant weapon
 I - 2 scrolls of fog

Dungeon Overview and Level Annotations

Branches:
Dungeon (11/15)            Temple (1/1) D:6            Lair (4/5) D:8
 Shoals (0/4) Lair:3       Spider (0/4) Lair:2          Orc (0/2) D:11
  Sewer (visited)          Bailey (visited)
  Slime: Lair:4-5

Altars:
Ashenzari
Cheibriados
Dithmenos
Fedhas
Gozag
Hepliaklqana
Kikubaaqudgha
Nemelex Xobeh
Okawaru
Qazlal
Ru
Sif Muna
Trog
Uskayaw
Vehumet
Wu Jian
Xom
Yredelemnul

Shops:
D:4 [   D:5 (

Annotations:
D:3 exclusion: downstairs
D:4 Edmund
D:7 2 transporters, LustLizard's ghost, novice OpSh
D:10 1 runed translucent door, Snorg; wormstring's ghost, journeyman OpSh
Lair:4 Rupert

#...#####..##
#....#..
#P....##..##
#....#.#
##P....#..##
##...####
##........#
##....#
##......##
##....## #P....##
#....P#
##....#####....##
#.....#.##.....#
##..@..###....##
###@...#...^.#
##.....#....##
##............#
#...........###
#P...#.......#
#....#.....###
#.(........#
##..##....P#


You could see Rupert (berserk).


Message History

The grasping roots constrict Rupert!
Rupert escapes!
Aiming: Mindburst
Press: ? - help, Shift-Dir - straight line, f/p - Rupert
Aim: Rupert, wielding a +3 great mace of holy wrath and wearing a +3 scale mail of poison resistance (heavily wounded, berserk, chance to affect: 16%)
Okay, then.
Aiming: Quicksilver Bolt
Press: ? - help, Shift-Dir - straight line, f/p - Rupert
Aim: Rupert, wielding a +3 great mace of holy wrath and wearing a +3 scale mail of poison resistance (heavily wounded, berserk, 77% to hit)
The bolt of dispelling energy hits Rupert!
Rupert is heavily wounded.
Rupert hits you with a +3 great mace of holy wrath!
You convulse!
Aiming: Fastroot
Press: ? - help, Shift-Dir - straight line, f/p - Rupert
Aim: Rupert, wielding a +3 great mace of holy wrath and wearing a +3 scale mail of poison resistance (heavily wounded, berserk)
The roots erupt in riotous growth!
Roots grab Rupert.
The grasping roots constrict Rupert.
Rupert hits you with a +3 great mace of holy wrath!
You convulse!!
* * * LOW HITPOINT WARNING * * *
Unknown command.
The grasping roots constrict Rupert!
Rupert struggles to escape constriction. x2
The grasping roots constrict Rupert!
Rupert escapes!
As you read the scroll of teleportation {@r2}, it crumbles to dust.
You feel strangely unstable.
Rupert hits you with a +3 great mace of holy wrath!!
You die...
Kikubaaqudgha rasps: "You have failed me!
Welcome... oblivion!"

Skill      XL: |  1  2  3  4  5  6  7  8  9 10 11 12 13 |
---------------+----------------------------------------+-----
Necromancy     | 5 6 8 9 12 14 | 14.0
Axes           | 1 |  1.0
Spellcasting   | 4 5 6 8 |  8.0
Ice Magic      | 4 6 7 |  7.0
Summonings     | 4 6 7 9 |  9.8
Fighting       | 2 4 6 |  6.0
Evocations     | 2 4 |  4.0
Earth Magic    | 4 6 7 |  7.0
Dodging        | |  1.5
Stealth        | |  1.5

Action                     |  1- 3 |  4- 6 |  7- 9 | 10-12 | 13-15 || total
---------------------------+-------+-------+-------+-------+-------++-------
  Melee: Hand axe          |     6 |    11 |       |       |       ||    17
         Spear             |       |     5 |       |       |       ||     5
         Dagger            |       |       |    60 |       |       ||    60
         Falchion          |       |       |    90 |   129 |       ||   219
         Punch             |       |       |     1 |       |       ||     1
         Staff             |       |       |       |     1 |       ||     1
   Fire: Sling             |       |       |    19 |       |       ||    19
  Throw: Dart              |       |       |       |     8 |     3 ||    11
   Cast: Necrotise         |    70 |    84 |   169 |   107 |     3 ||   433
         Vampiric Draining |       |       |    48 |    58 |     2 ||   108
         Animate Dead      |       |       |    10 |    13 |     2 ||    25
         Summon Ice Beast  |       |       |     5 |    59 |    16 ||    80
         Borgnjor's Vile C |       |       |       |    49 |    32 ||    81
         Death Channel     |       |       |       |     4 |     5 ||     9
 Invoke: Receive Forbidden |       |       |       |     1 |       ||     1
  Evoke: Wand              |       |    10 |       |    10 |     4 ||    24
    Use: Scroll            |     2 |     2 |     5 |     9 |     3 ||    21
   Stab: Sleeping          |       |       |     1 |       |       ||     1
         Distracted        |       |       |       |     2 |       ||     2
 Armour: Robe              |     6 |     8 |    65 |       |       ||    79
         Troll leather arm |       |       |    48 |   169 |    34 ||   251
  Dodge: Dodged            |    14 |    23 |   213 |   269 |    38 ||   557
  Block: Buckler           |       |       |       |    65 |    15 ||    80

Levels and vault maps discovered:
D:1:      evilmike_arrival_grusome_pit, layout_loops_corners, minmay_unequal
D:2:      layout_basic, dreamdust_wishing_well
D:3:      layout_loops_ring, minmay_quantized, uniq_robin
D:4:      layout_rooms, serial_shops, shop, uniq_pikel, uniq_edmund
D:5:      layout_basic, nicolae_take_the_stairs, roderic_st_hans_cross
D:6:      layout_loops_corners, temple_green, gup_sewer_entry_pipe
D:7:      layout_basic, enter_bailey_3, gammafunk_ghost_stat_death
D:8:      layout_loops_ring, erik_lair_orcish_takeover
D:9:      layout_stronghold
D:10:     layout_rooms, nicolae_overflow_quartered_altars,
          hellmonk_ghost_big_iron, uniq_snorg
D:11:     layout_cave_pools, kennysheep_orc_monster_closet_entryway,
          serial_column_ruins, column_ruins_columns_water,
          column_ruins_columns_water, column_ruins_columns_dead_end,
          nicolae_dithmenos_through_a_glass_darkly, uniq_grum, uniq_nergalle
Temple:   dpeg_five_rooms_temple
Lair:1:   lemuel_reptile_caves, layout_hall_layers, grunt_megastairs_2
Lair:2:   layout_hall_layers, spider_nest_entry_rubble, grunt_megastairs_1,
          uniq_sonja
Lair:3:   layout_cellular_growth, minmay_shoals_entry_lonely_mermaid,
          kennysheep_abandoned_house
Lair:4:   layout_hall_layers, special_room [special_room_bee],
          infiniplex_staircase_pool_2, uniq_rupert

Notes
Turn   | Place    | Note
-------+----------+-------------------------------------------
     0 | D:1      | Jackthecabe the Mummy Necromancer began the quest for the
                  | Orb.
     0 | D:1      | Reached XP level 1. HP: 13/13 MP: 4/4
   165 | D:1      | Reached XP level 2. HP: 19/19 MP: 2/5
   887 | D:1      | Reached skill level 5 in Necromancy
   893 | D:1      | Gained mutation: You are in touch with the powers of death.
                  | [Mummy growth]
   893 | D:1      | Reached XP level 3. HP: 24/24 MP: 0/7
  1101 | D:1      | Learned a level 3 spell: Vampiric Draining
  1704 | D:2      | Reached XP level 4. HP: 21/30 MP: 2/8
  1911 | D:2      | Identified the +3 spear of Nolo Contendere {heavy, rPois}
  2134 | D:2      | Reached skill level 6 in Necromancy
  2419 | D:3      | Learned a level 4 spell: Animate Dead
  2450 | D:3      | Noticed Robin
  2472 | D:3      | Killed Robin
  2473 | D:3      | Reached skill level 1 in Axes
  2835 | D:3      | Reached XP level 5. HP: 35/35 MP: 5/9
  2973 | D:3      | Reached skill level 3 in Spellcasting
  3647 | D:4      | Noticed a lemure
  3716 | D:4      | Noticed Edmund
  3739 | D:4      | Found Zovad's Antique Armour Shoppe.
  3954 | D:5      | Entered Level 5 of the Dungeon
  3958 | D:5      | Noticed a phantom
  3973 | D:5      | Killed a phantom
  3974 | D:5      | Reached skill level 4 in Spellcasting
  3974 | D:5      | Reached XP level 6. HP: 28/41 MP: 10/12
  4221 | D:5      | Reached skill level 7 in Necromancy
  4248 | D:5      | Noticed an ice beast
  4258 | D:5      | Killed an ice beast
  4304 | D:5      | Found Fomil's Antique Weapon Boutique.
  4386 | D:5      | Reached skill level 8 in Necromancy
  4386 | D:5      | Reached XP level 7. HP: 46/46 MP: 9/13
  4391 | D:5      | Learned a level 4 spell: Summon Ice Beast
  4427 | D:5      | Reached skill level 1 in Ice Magic
  4571 | D:5      | Reached skill level 2 in Ice Magic
  4908 | D:5      | Reached skill level 3 in Ice Magic
  5167 | D:6      | Found a staircase to the Ecumenical Temple.
  5183 | Temple   | Entered the Ecumenical Temple
  5214 | Temple   | Became a worshipper of Kikubaaqudgha
  5276 | D:6      | Found a glowing drain.
  5306 | Sewer    | Entered a sewer
  5417 | Sewer    | Reached skill level 4 in Ice Magic
  5557 | Sewer    | Reached * piety under Kikubaaqudgha
  5557 | Sewer    | Received a gift from Kikubaaqudgha
  5691 | Sewer    | Reached XP level 8. HP: 52/52 MP: 3/14
  5823 | Sewer    | Identified a scroll of acquirement
  5824 | Sewer    | Acquired a ring of protection from fire
  5884 | Sewer    | Reached ** piety under Kikubaaqudgha
  6176 | D:6      | Reached skill level 5 in Ice Magic
  6255 | D:6      | Got the Papyrus of Septic Damage
  6828 | D:6      | Reached skill level 6 in Ice Magic
  6914 | D:6      | Identified the +10 falchion "Foaloeb" {elec, rC- Will++
                  | SInv Stlth+}
  7006 | D:6      | Reached skill level 1 in Summonings
  7033 | D:6      | Reached skill level 2 in Summonings
  7483 | D:7      | Reached skill level 3 in Summonings
  7544 | D:7      | Found a transporter.
  7692 | D:7      | Noticed a troll
  7716 | D:7      | Killed a troll
  7717 | D:7      | Reached skill level 4 in Summonings
  7717 | D:7      | Reached XP level 9. HP: 24/57 MP: 3/15
  7824 | D:7      | Found a flagged portal.
  7831 | D:7      | Reached *** piety under Kikubaaqudgha
  7831 | D:7      | Received a gift from Kikubaaqudgha
  7835 | Bailey   | Entered a bailey
  8101 | Bailey   | Reached skill level 5 in Summonings
  8532 | Bailey   | Identified the +5 ice dragon scales of Itautoer {+Inv rF-
                  | rC++ Str+4 Int+2}
  8540 | Bailey   | Reached skill level 6 in Summonings
  8654 | Bailey   | Reached skill level 1 in Fighting
  8794 | D:7      | Found a transporter.
  8846 | D:7      | Reached skill level 2 in Fighting
  8852 | D:7      | Noticed LustLizard's ghost (novice OpSh)
  8875 | D:7      | Reached skill level 5 in Spellcasting
  8876 | D:7      | Reached skill level 1 in Evocations
  8880 | D:7      | Reached skill level 2 in Evocations
  9482 | D:8      | Found a staircase to the Lair.
  9737 | D:8      | Reached XP level 10. HP: 67/67 MP: 5/17
  9917 | D:8      | Reached **** piety under Kikubaaqudgha
 10027 | D:8      | Reached skill level 7 in Summonings
 10027 | D:8      | Reached skill level 7 in Ice Magic
 10664 | D:9      | Identified the +9 spear "Ufecebot" {protect, rElec Will-
                  | Str+2 Int+3}
 11000 | D:9      | Noticed a two-headed ogre
 11011 | D:9      | Killed a two-headed ogre
 11012 | D:9      | Reached skill level 4 in Fighting
 11018 | D:9      | Learned a level 5 spell: Borgnjor's Vile Clutch
 11524 | D:10     | Entered Level 10 of the Dungeon
 11552 | D:9      | Reached skill level 1 in Earth Magic
 11696 | D:10     | Noticed a cyclops
 11703 | D:10     | Reached skill level 2 in Earth Magic
 11706 | D:10     | Killed a cyclops
 11707 | D:10     | Reached skill level 9 in Necromancy
 11917 | D:10     | Noticed wormstring's ghost (journeyman OpSh)
 11940 | D:10     | Found a runed translucent door.
 12102 | D:10     | Noticed Snorg
 12131 | D:10     | Reached skill level 3 in Earth Magic
 12263 | D:10     | Found an opulent altar of Gozag.
 12286 | D:10     | Found an ornate altar of the Wu Jian Council.
 12453 | D:11     | Noticed a manticore
 12468 | D:11     | Killed a manticore
 12631 | D:11     | Reached skill level 4 in Earth Magic
 12745 | D:11     | Found a staircase to the Orcish Mines.
 12750 | D:11     | Reached XP level 11. HP: 64/77 MP: 4/18
 12893 | D:11     | Noticed Nergalle
 12907 | D:11     | Killed Nergalle
 12907 | D:11     | HP: 7/77 [electric eel/bolt of electricity (16)]
 12908 | D:11     | Reached skill level 10 in Necromancy
 13008 | D:11     | Reached skill level 5 in Earth Magic
 13127 | D:11     | Noticed Grum
 13349 | D:11     | Killed Grum
 13465 | D:11     | Found a shadowy altar of Dithmenos.
 13537 | D:11     | Reached ***** piety under Kikubaaqudgha
 13792 | D:11     | Reached skill level 6 in Earth Magic
 14159 | Lair:1   | Entered Level 1 of the Lair of Beasts
 14307 | Lair:1   | Reached skill level 6 in Spellcasting
 14438 | Lair:1   | Identified the +3 war axe "Killer Bee's Doom" {elec, Str+2}
 14892 | Lair:1   | Reached skill level 11 in Necromancy
 15231 | Lair:1   | Learned a level 6 spell: Death Channel
 15259 | Lair:1   | Noticed a catoblepas
 15271 | Lair:1   | Killed a catoblepas
 15737 | Lair:1   | Reached skill level 12 in Necromancy
 16154 | D:8      | Reached XP level 12. HP: 67/83 MP: 8/21
 16158 | D:8      | Reached skill level 7 in Earth Magic
 17378 | Lair:2   | Noticed a six-headed hydra
 17802 | Lair:2   | Noticed a seven-headed hydra
 17818 | Lair:2   | Reached skill level 13 in Necromancy
 18360 | Lair:1   | Reached skill level 5 in Fighting
 19147 | Lair:2   | Killed a seven-headed hydra
 19148 | Lair:2   | Reached skill level 6 in Fighting
 19197 | Lair:2   | Reached skill level 3 in Evocations
 19294 | Lair:2   | Killed a six-headed hydra
 19295 | Lair:2   | Reached skill level 4 in Evocations
 19295 | Lair:2   | Reached skill level 7 in Spellcasting
 19386 | Lair:2   | Found a hole to the Spider Nest.
 19505 | Lair:2   | Noticed a seven-headed hydra
 19507 | Lair:2   | Noticed Sonja
 19517 | Lair:2   | Killed a seven-headed hydra
 19518 | Lair:2   | Reached skill level 8 in Spellcasting
 19518 | Lair:2   | Killed Sonja
 19745 | Lair:2   | Noticed a boulder beetle
 19772 | Lair:2   | Noticed a six-headed hydra
 19785 | Lair:2   | Killed a six-headed hydra
 19785 | Lair:2   | Reached ****** piety under Kikubaaqudgha
 20073 | Lair:2   | Killed a boulder beetle
 20145 | Lair:2   | Received a gift from Kikubaaqudgha
 20158 | Lair:3   | Reached skill level 14 in Necromancy
 20163 | Lair:3   | Learned a level 4 spell: Dispel Undead
 20421 | Lair:3   | Gained mutation: You are strongly in touch with the powers
                  | of death. [Mummy growth]
 20421 | Lair:3   | Reached XP level 13. HP: 92/93 MP: 9/25
 21168 | Lair:3   | Reached skill level 8 in Summonings
 21569 | Lair:3   | Found a staircase to the Shoals.
 21936 | Lair:4   | Noticed Rupert
 22420 | Lair:4   | Reached skill level 9 in Summonings
 23058 | Lair:4   | Slain by Rupert

Vanquished Creatures
  4 hydras
  A two-headed ogre (D:9)
  A death yak (Lair:3)
  Nergalle (D:11)
  Sonja (Lair:2)
  A manticore (D:11)
  4 elephants
  3 cane toads (Lair:2)
  2 black mambas
  9 komodo dragons
  An unseen horror (D:11)
  2 trolls (D:11)
  A polar bear (Lair:1)
  A hornet (D:8)
  2 blink frogs
  3 wyverns
  15 yaks
  A wraith (D:11)
  A steam dragon (D:7)
  A redback (Lair:2)
  9 water moccasins
  A sky beast (D:7)
  9 orc warriors
  2 ice beasts (D:5)
  7 wolves
  3 ogres
  2 centaurs
  2 phantoms
  9 bullfrogs
  9 kobold brigands
  2 gnoll sergeants (D:11)
  3 scorpions (D:5)
  10 killer bees
  2 howler monkeys
  An electric eel (D:11)
  4 hounds
  A jelly (D:5)
  2 gnoll boudas (D:8)
  4 orc priests
  9 iguanas
  6 orc wizards
  A hell rat (Lair:3)
  A nameless horror (Lair:1)
  Robin (D:3)
  11 gnolls
  7 adders
  4 river rats
  3 shadow imps
  A white imp (D:7)
  An ufetubus (D:4)
  A worm (D:3)
  4 dart slugs (D:1)
  35 orcs
  6 bats
  3 endoplasms
  5 giant cockroaches
  9 goblins
  9 hobgoblins
  13 jackals
  29 kobolds
  8 quokkas
  10 ball pythons
  13 frilled lizards
  20 rats
347 creatures vanquished.

Vanquished Creatures (collateral kills)
  A hydra (Lair:2)
  A catoblepas (Lair:1)
  A boulder beetle (Lair:2)
  2 death yaks (Lair:4)
  A skyshark (Lair:3)
  A cyclops (D:10)
  An elephant (Lair:1)
  A black mamba (D:8)
  2 cane toads
  A merfolk siren (Lair:3)
  2 komodo dragons
  A rime drake (Lair:2)
  A troll (D:7)
  A queen bee (Lair:4)
  7 blink frogs
  3 meliai (Lair:4)
  18 yaks
  Grum (D:11)
  2 wargs
  5 water moccasins
  A black bear (Lair:1)
  2 orc warriors
  8 wolves
  2 kobold brigands (D:11)
  7 bullfrogs
  9 killer bees
  A jelly (D:7)
  2 orc wizards (D:8)
  6 iguanas (Lair:1)
  3 hell rats (Lair:3)
  4 gnolls (D:8)
  6 river rats
  4 orcs
  2 hobgoblins (D:1)
  A jackal (D:1)
  2 ball pythons (Sewer)
  8 frilled lizards
  5 goblins
  4 kobolds
  9 rats
139 creatures vanquished.

Vanquished Creatures (others)
  2 meliai zombies (Lair:4)
  A wyvern zombie (Lair:3)
  6 water moccasin zombies
  7 yak zombies
  6 wolf zombies (Lair:4)
  2 bullfrog zombies
  8 killer bee zombies (Lair:4)
  An ogre zombie (D:11)
  4 gnoll zombies (D:8)
  A river rat zombie (Sewer)
  2 ball python zombies (Sewer)
  7 kobold zombies
  18 orc zombies
  7 rat zombies (Sewer)
72 creatures vanquished.

Grand Total: 558 creatures vanquished

Table legend: (Time is in decaauts)
 A = Elapsed time spent in this place.
 B = Non-inter-level travel time spent in this place.
 C = Inter-level travel time spent in this place.
 D = Time resting spent in this place.
 E = Time spent auto-exploring this place.
 F = Levels seen in this place.
 G = Mean time per level.
                   A        B        C        D        E       F      G
               +--------+--------+--------+--------+--------+-----+--------+
         Total |  23889 |  22974 |    915 |   3706 |  14621 |  18 | 1327.2 |
       Dungeon |  13223 |  12657 |    566 |   2125 |   7922 |  11 | 1202.1 |
        Temple |     60 |      2 |     58 |      0 |      0 |   1 |   60.0 |
          Lair |   8795 |   8504 |    291 |   1106 |   5981 |   4 | 2198.8 |
         Sewer |    860 |    860 |      0 |     89 |    408 |   1 |  860.0 |
        Bailey |    951 |    951 |      0 |    386 |    309 |   1 |  951.0 |
               +--------+--------+--------+--------+--------+-----+--------+

Top non-repeatable levels by time:
  Lair:1: 4518 daAuts
  Lair:3: 1895 daAuts
     D:1: 1589 daAuts
     D:8: 1485 daAuts
    D:10: 1439 daAuts
     D:6: 1386 daAuts
    D:11: 1354 daAuts
  Lair:4: 1238 daAuts
     D:7: 1232 daAuts
     D:5: 1203 daAuts
     D:9: 1165 daAuts
  Lair:2: 1141 daAuts
     D:3: 966 daAuts
  Bailey: 951 daAuts
   Sewer: 860 daAuts

Table legend:
 A = Non-vault XP
 B = Vault XP
 C = Vault XP percentage of total XP
 D = Non-vault monster count
 E = Vault monster count
 F = Vault count percentage of total count
                 A         B        C        D         E       F
            +---------+---------+-------+---------+---------+-------
      Total |   37553 |   13056 |  25.8 |     285 |     200 |  41.2
            +---------+---------+-------+---------+---------+-------
        D:1 |      51 |       8 |  13.6 |      25 |       4 |  13.8
        D:2 |      87 |       0 |   0.0 |      21 |       0 |   0.0
        D:3 |      28 |      47 |  62.7 |      10 |      11 |  52.4
        D:4 |      93 |       0 |   0.0 |      11 |       0 |   0.0
        D:5 |     886 |       0 |   0.0 |      15 |       0 |   0.0
        D:6 |     784 |      14 |   1.8 |      19 |       7 |  26.9
        D:7 |    1679 |     172 |   9.3 |      26 |       5 |  16.1
        D:8 |    2313 |     468 |  16.8 |      25 |       8 |  24.2
        D:9 |    1670 |       0 |   0.0 |      13 |       0 |   0.0
       D:10 |    1793 |     308 |  14.7 |       7 |       3 |  30.0
       D:11 |    1932 |    2273 |  54.1 |      19 |      20 |  51.3
     Lair:1 |    6599 |    2607 |  28.3 |      27 |      37 |  57.8
     Lair:2 |    8780 |    2867 |  24.6 |      23 |       6 |  20.7
     Lair:3 |    5685 |    1091 |  16.1 |      20 |      18 |  47.4
     Lair:4 |    5173 |    1981 |  27.7 |      24 |      17 |  41.5
      Sewer |       0 |     377 | 100.0 |       0 |      47 | 100.0
     Bailey |       0 |     843 | 100.0 |       0 |      17 | 100.0
            +---------+---------+-------+---------+---------+-------
